Map: Orbital Shipyard

Players

ajc

  • Race: Zerg Zerg
  • League: Diamond

LilDicky - Winner!

  • Race: Terran Terran
  • League: Diamond

VOD

http://www.twitch.tv/tumescentpie

Description

Time

  • Played on: Jan. 2, 2016, 1:41 p.m.
  • Length: 15:35
Show
View Real Time Build Order
Export as new Build Order

ajc Zerg 

Build Orders: Hatch First, Lurkers 

Get SALT Encoding   

  12  0:01  Drone  
  13  0:13  Overlord  
  13  0:18  Drone  
  14  0:32  Drone x2  
  16  0:37  Drone  
  17  0:54  Hatchery  
  17  0:57  Drone  
  17  0:59  Drone  
  17  1:04  Extractor  
  17  1:08  Drone  
  18  1:19  Spawning Pool  
  17  1:27  Drone  
  17  1:31  Drone  
  19  1:40  Drone  
  20  2:01  Drone  
  20  2:02  Drone  
  20  2:07  Queen x2  
  20  2:08  Overlord  
  26  2:17  Zergling x2  
  27  2:26  Roach Warren  
  27  2:27  Drone x2  
  29  2:30  Drone  
  29  2:34  Spine Crawler  
  29  2:37  Drone  
  29  2:40  Drone  
  30  2:53  Queen  
  32  3:04  Hatchery  
  31  3:07  Drone  
  31  3:08  Drone  
  33  3:13  Drone  
  34  3:23  Lair  
  34  3:27  Drone  
  34  3:28  Drone  
  34  3:31  Drone, Extractor  
  36  3:52  Overlord x2  
  36  3:53  Extractor  
  35  4:08  Drone  
  36  4:10  Drone  
  36  4:11  Drone x6  
  36  4:12  Drone x3  
  36  4:13  Overlord  
  46  4:19  Overlord  
  46  4:22  Drone  
  47  4:26  Extractor  
  47  4:30  Hydralisk Den  
  45  4:33  Infestation Pit  
  45  4:34  Zergling x6  
  46  4:44  Roach x2  
  46  4:45  Roach x2  
  54  4:48  Overseer  
  54  4:57  Drone x3  
  57  5:03  Drone x3  
  57  5:05  Roach  
  57  5:06  Roach  
  64  5:18  Drone  
  64  5:20  Glial Reconstitution  
  65  5:22  Roach x3  
  65  5:26  Lurker Den  
  71  5:30  Hydralisk  
  73  5:38  Overlord  
  73  5:42  Overlord  
  73  5:50  Overlord  
  73  5:56  Queen  
  73  5:57  Drone x5  
  77  5:58  Drone  
  77  6:00  Hydralisk  
  77  6:02  Hydralisk  
  85  6:13  Drone  
  85  6:14  Drone x5  
  85  6:15  Drone x2  
  93  6:23  Overlord  
  93  6:24  Overlord  
  93  6:27  Drone  
  93  6:28  Drone x3  
  93  6:31  Extractor  
  93  6:32  Extractor  
  95  6:47  Drone x2  
  95  6:52  Evolution Chamber, Hydralisk x3  
  95  6:53  Evolution Chamber  
  101  6:57  Hive  
  101  7:09  Hatchery  
  101  7:15  Overlord x4  
  100  7:16  Hydralisk x2  
  104  7:30  Drone  
  104  7:33  Overlord x2  
  104  7:35  Drone x3  
  108  7:38  Lurker x4, Hydralisk  
  108  7:39  Lurker, Hydralisk x4  
  123  7:54  Hydralisk x2  
  123  7:58  Zerg Ground Armor Level 1, Zerg Melee Weapons Level 1  
  127  8:10  Hydralisk x4  
  127  8:11  Hydralisk x2  
  139  8:17  Ultralisk Cavern  
  138  8:24  Drone x2  
  138  8:25  Drone x7  
  138  8:26  Drone x2  
  149  8:28  Lurker  
  149  8:29  Lurker x2  
  149  8:30  Lurker  
  153  8:43  Spore Crawler  
  153  8:48  Spine Crawler x2  
  150  8:51  Spine Crawler  
  142  9:19  Hatchery  
  141  9:25  Drone x5  
  141  9:26  Drone x4  
  141  9:28  Drone  
  157  9:31  Ultralisk  
  157  9:34  Overlord x4  
  157  9:35  Overlord x2  
  157  9:52  Overlord x3  
  157  9:56  Chitinous Plating  
  157  9:58  Zerg Ground Armor Level 2, Zerg Melee Weapons Level 2  
  157  10:02  Drone x4  
  157  10:06  Extractor  
  160  10:07  Extractor  
  160  10:09  Drone x4  
  160  10:10  Drone  
  160  10:13  Spine Crawler  
  163  10:14  Spine Crawler  
  163  10:18  Ultralisk x2  
  163  10:19  Ultralisk x2  
  185  10:48  Spire  
  184  11:01  Muscular Augments  
  184  11:05  Ultralisk x2  
  196  11:19  Spore Crawler  
  196  11:20  Spore Crawler  
  196  11:22  Spore Crawler x2  
  196  11:24  Spore Crawler  
  196  11:25  Drone x3, Spore Crawler  
  193  11:26  Drone x3  
  193  11:31  Overlord x2  
  193  11:32  Overlord x2  
  154  12:13  Mutalisk x3  
  154  12:14  Mutalisk x6  
  122  12:25  Ultralisk x3  
  122  12:26  Zergling x4  
  122  12:27  Zergling x26  
  122  12:28  Metabolic Boost  
  155  12:45  Overseer x3  
  155  12:48  Zergling x2  
  155  12:49  Zergling x14  
  95  13:39  Mutalisk  
  95  13:40  Mutalisk x13  
  99  13:49  Mutalisk x2  
  99  13:51  Zergling x4  
Show
View Real Time Build Order
Export as new Build Order

LilDicky Terran - Winner!

Build Orders: Command Center First (CC), Mech 

Get SALT Encoding   

  12  0:01  SCV  
  13  0:13  SCV  
  14  0:18  Supply Depot  
  14  0:25  SCV  
  15  0:39  SCV  
  16  0:51  SCV  
  17  1:01  Command Center  
  17  1:04  SCV  
  18  1:15  Barracks  
  18  1:18  SCV  
  19  1:33  SCV  
  20  1:47  SCV  
  21  1:57  Command Center  
  21  1:59  SCV  
  22  2:02  Marine  
  23  2:08  Supply Depot  
  23  2:14  Orbital Command  
  23  2:24  Orbital Command  
  23  2:27  Marine  
  24  2:40  SCV, Refinery  
  24  2:41  Refinery  
  25  2:47  Marine  
  26  2:52  SCV x2  
  28  3:01  Refinery  
  28  3:04  SCV x2  
  28  3:05  Refinery  
  30  3:13  Orbital Command  
  30  3:16  SCV x2, Marine  
  33  3:30  Factory  
  33  3:31  SCV x2  
  35  3:40  SCV  
  36  3:43  SCV  
  36  3:44  SCV  
  38  3:50  Engineering Bay  
  38  3:52  SCV  
  38  3:54  Marine  
  41  3:55  SCV  
  41  3:56  SCV  
  42  4:04  SCV  
  43  4:12  Marine  
  43  4:14  Starport  
  43  4:15  Factory Tech Lab  
  44  4:19  SCV  
  44  4:20  SCV x2  
  44  4:21  Orbital Command  
  47  4:38  Command Center  
  47  4:39  SCV  
  47  4:40  SCV  
  47  4:41  Siege Tank  
  47  4:43  Marine  
  53  4:49  SCV  
  53  4:51  SCV  
  55  4:54  Viking  
  57  5:01  Factory  
  57  5:03  SCV  
  57  5:04  SCV x2  
  57  5:05  Starport  
  57  5:06  Factory  
  60  5:16  SCV  
  61  5:22  SCV x2  
  61  5:23  Siege Tank  
  61  5:28  SCV  
  67  5:34  SCV x2, Missile Turret  
  69  5:37  Refinery  
  69  5:39  Refinery  
  69  5:42  Command Center, Starport Reactor  
  69  5:47  Starport Tech Lab  
  69  5:50  SCV x3  
  69  5:53  Planetary Fortress  
  69  5:55  Siege Tank  
  69  5:56  Armory, Missile Turret  
  75  5:58  Factory Tech Lab, Factory Reactor  
  75  6:03  SCV  
  76  6:06  Liberator, Fusion Core  
  76  6:08  SCV x2, Missile Turret  
  76  6:09  Armory  
  78  6:14  Missile Turret  
  78  6:15  SCV, Liberator  
  79  6:20  SCV  
  79  6:21  SCV  
  79  6:24  Missile Turret  
  84  6:33  Hellion x2  
  84  6:35  Supply Depot  
  84  6:37  Liberator  
  91  6:46  SCV  
  92  6:49  Liberator  
  92  6:53  Supply Depot  
  96  6:54  SCV, Supply Depot  
  96  6:56  Supply Depot x2  
  96  6:58  Supply Depot x2, Missile Turret  
  96  6:59  Supply Depot  
  99  7:15  Siege Tank x2, Widow Mine x2  
  105  7:16  Liberator  
  105  7:19  Liberator  
  105  7:20  SCV x2  
  111  7:31  Advanced Ballistics  
  117  7:42  Terran Vehicle And Ship Armor Level 1, Terran Ship Weapons Level 1  
  117  7:51  Planetary Fortress  
  117  7:55  Liberator  
  117  7:58  Refinery  
  117  8:00  Missile Turret  
  117  8:01  Refinery  
  117  8:10  Command Center x2  
  117  8:11  Command Center  
  120  8:14  Siege Tank  
  120  8:16  Hellion x3  
  129  8:21  SCV x2  
  129  8:27  SCV x2  
  133  8:36  SCV x2, Missile Turret  
  133  8:37  Hellion x2  
  133  8:39  Liberator  
  139  8:41  Liberator  
  139  8:49  Widow Mine  
  139  8:50  Drilling Claws, Widow Mine  
  139  8:53  Cloaking Field  
  139  8:54  Banshee  
  146  8:58  Widow Mine  
  148  9:22  Thor  
  148  9:23  Hellbat  
  156  9:28  Orbital Command x2  
  156  9:29  Orbital Command  
  156  9:30  Command Center  
  156  9:34  Command Center, Missile Turret  
  156  9:36  Missile Turret  
  156  9:40  Liberator x2  
  156  9:50  Missile Turret  
  156  9:55  Command Center  
  156  9:56  Supply Depot  
  156  9:57  Battlecruiser  
  168  10:03  Hellion x3, Starport  
  168  10:05  Hellion, Starport  
  176  10:11  Hyperflight Rotors  
  176  10:17  Supply Depot  
  176  10:21  Missile Turret  
  176  10:24  Hellion x2  
  180  10:30  Missile Turret, Liberator x2  
  180  10:45  Thor x2  
  196  11:17  Starport Reactor  
  196  11:23  Terran Ship Weapons Level 2, Terran Vehicle And Ship Armor Level 2  
  196  11:24  Starport Reactor  
  196  11:25  Behemoth Reactor, Liberator  
  196  11:26  Starport x2  
  196  11:28  Orbital Command  
  199  11:53  Missile Turret  
  199  11:56  Missile Turret  
  199  11:57  Missile Turret  
  199  11:58  Missile Turret  
  189  12:08  Liberator  
  189  12:09  Liberator x2  
  189  12:27  Starport Tech Lab x2  
  198  12:33  Planetary Fortress  
  198  12:40  Refinery  
  198  12:42  Refinery  
  198  13:08  Missile Turret  
  198  13:12  Missile Turret  
  186  13:34  Liberator  
  178  13:49  Siege Tank  
  178  13:52  Battlecruiser x2  
Tags
 
Add a new tag
Caveats
  • Supply blocks, unpowered buildings, or Contaminate may cause inaccurate times.
  • Supply counts are checked every 10 seconds.